[Event "Prague Festival op"]
[Site "Prague CZE"]
[Date "2020.02.22"]
[Round "9.4"]
[White "Roussel-Roozmon, Thomas"]
[Black "Pechac, Jergus"]
[Result "0-1"]
[ECO "D12"]
[WhiteElo "2473"]
[BlackElo "2499"]
[PlyCount "86"]
[EventDate "2020.02.14"]
[EventType "swiss"]
[EventRounds "9"]
[EventCountry "CZE"]
[TimeControl "40/5400+30:1800+30"]

1. d4 d5 2. c4 c6 3. Nf3 Nf6 4. e3 Bf5 5. Nc3 e6 6. Nh4 Be4 7. f3 Bg6 8. Qb3 Qc7 9. Bd2 Be7 10. cxd5 Nxd5 11. Nxg6 hxg6 12. O-O-O Nd7 13. Nxd5 exd5 14. e4 dxe4 15. fxe4 c5 16. dxc5 Nxc5 17. Bb5+ Kf8 18. Qc2 Rc8 19. Kb1 Rh4 20. Be3 Qe5 21. g3 Rxe4 22. Bf4 Qf6 23. Bd7 Rd8 24. Rd5 Rxf4 25. gxf4 Nxd7 26. Qc7 Qc6 27. Qxc6 bxc6 28. Ra5 Ra8 29. Rc1 c5 30. Rb5 Nb6 31. Rd1 Ke8 32. Kc2 Rc8 33. Rb3 f6 34. Rg3 Kf7 35. Rdg1 Nd5 36. Rxg6 Bf8 37. R6g3 Nxf4 38. Ra3 Rc7 39. h4 Ne2 40. Rg2 Nd4+ 41. Kd3 c4+ 42. Kxd4 Bxa3 43. bxa3 c3 0-1

[Event "Carnaval"]
[Site "Quebec CAN"]
[Date "2016.02.20"]
[Round "2"]
[White "Roussel-Roozmon, Thomas"]
[Black "Song, Sam"]
[Result "1/2-1/2"]
[ECO "A11"]
[WhiteElo "2440"]
[BlackElo "2239"]
[PlyCount "45"]
[EventDate "2016.02.19"]
[EventType "swiss"]
[EventRounds "5"]
[EventCountry "CAN"]
[TimeControl "900+2"]

1. c4 Nf6 2. g3 c6 3. Bg2 d5 4. Nf3 dxc4 5. a4 Nbd7 6. Na3 e5 7. Nxc4 e4 8. Ng5
Nc5 9. d4 Ne6 10. O-O Qd5 11. Ne5 Nxg5 12. Bxg5 Bd6 13. Qc2 Bxe5 14. dxe5 Qxe5
15. Bxf6 Qxf6 16. Bxe4 h5 17. Qc3 Qxc3 18. bxc3 Be6 19. Rfd1 Rd8 20. Rd4 Rxd4
21. cxd4 Kd7 22. h4 b6 23. Kf1 1/2-1/2